 Dungeon Crawl Stone Soup version 0.30.0-29-ga12c61a403 (webtiles) character file.

Game seed: 3539865511944073370

39 ChadusMaximus the Caller (level 3, 0/24 HPs)
             Began as a Barachi Summoner on June 24, 2023.
             Slain by Ijyb
             ... wielding a +0 club
              (4 damage)
             ... on level 3 of the Dungeon.
             The game lasted 00:01:37 (1564 turns).

ChadusMaximus the Caller (Barachi Summoner)         Turns: 1564, Time: 00:01:38

Health: 0/24       AC:  4    Str:  9    XL:     3   Next: 45%
Magic:  6/7        EV: 12    Int: 17    God:
Gold:   74         SH:  3    Dex: 12    Spells: 6/7 levels left

rFire   . . .        h - +0 sling
rCold   . . .        e - +0 buckler
rNeg    . . .        a - +0 robe
rPois   .            g - +0 helmet
rElec   .            m - +0 cloak
rCorr   .            (no gloves)
SInv    .            (no boots)
Will    .....        (no amulet)
Stlth   ++           (no ring)
HPRegen 0.24/turn    (no ring)
MPRegen 0.10/turn

%: no passive effects
@: hasted, very quick
A: amphibious, slowness 1, strong legs 1, +LOS
a: Hop


You were on level 3 of the Dungeon.
You visited 1 branch of the dungeon, and saw 3 of its levels.

You collected 74 gold pieces.

Inventory:

Hand Weapons
 d - a +0 club
 h - a +0 sling (weapon)
Armour
 a - a +0 robe (worn)
 e - a +0 buckler (worn)
 g - a +0 helmet (worn)
 m - a +0 cloak (worn)
Wands
 k - a wand of polymorph (4)
 n - a wand of charming (5)
Scrolls
 c - 2 scrolls of identify {unknown}
 f - a scroll of enchant armour {unknown}
 i - a scroll of fog {unknown}
 l - a scroll of poison {unknown}
 o - a scroll of blinking {unknown}
Potions
 b - a potion of magic


   Skills:
 + Level 3.0 Dodging
 - Level 1.7 Stealth
 + Level 2.9 Spellcasting
 + Level 5.3 Summonings


You had 6 spell levels left.
You knew the following spells:

 Your Spells              Type           Power      Damage    Failure   Level
a - Summon Small Mammal   Summ           80%        N/A       3%          1

Your spell library contained the following spells:

 Spells                   Type           Power      Damage    Failure   Level
 Call Imp                 Summ           40%        N/A       4%          2
 Call Canine Familiar     Summ           20%        N/A       10%         3
 Summon Guardian Golem    Hex/Summ       11%        N/A       28%         3
 Blink                    Tloc           4%         N/A       38%         2
 Lesser Beckoning         Tloc           4%         N/A       38%         2
 Momentum Strike          Conj/Tloc      4%         3d8       38%         2
 Summon Lightning Spire   Summ/Air       11%        N/A       67%         4


Dungeon Overview and Level Annotations

Branches:
Dungeon (3/15)

Altars:

Annotations:
D:3 Ijyb


Innate Abilities, Weirdness & Mutations

You are amphibious.
You cover ground slowly.
You can hop short distances.
You have an extended range of vision and can be seen from far away.


Message History

Ijyb hits you with a +0 club.
Unknown command.
You shoot a sling bullet.
The sling bullet hits Ijyb but does no damage.
Ijyb misses you.
You shoot a sling bullet. The sling bullet barely misses Ijyb.
Your bat hits Ijyb but does no damage. Ijyb hits you with a +0 club.
Your rat barely misses Ijyb.
Your bat hits Ijyb but does no damage. Ijyb hits you with a +0 club.
Your rat barely misses Ijyb.
Unknown command.
You are too injured to fight recklessly!
Unknown command.
You are too injured to fight recklessly!
Unknown command.
You shoot a sling bullet.
The sling bullet hits Ijyb but does no damage.
Your bat barely misses Ijyb.
You block Ijyb's attack.
Your rat closely misses Ijyb.
Unknown command.
You shoot a sling bullet.
The sling bullet hits Ijyb but does no damage.
Your bat hits Ijyb but does no damage. Ijyb hits you with a +0 club.
Your rat barely misses Ijyb.
Ijyb barely misses you.
Your rat bites Ijyb but does no damage.
Unknown command.
You shoot a sling bullet. The sling bullet hits Ijyb.
Ijyb is moderately wounded.
Your bat hits Ijyb but does no damage. Ijyb barely misses you.
Your rat bites Ijyb but does no damage.
Unknown command.
You shoot a sling bullet. The sling bullet barely misses Ijyb.
Your bat hits Ijyb but does no damage. Ijyb hits you with a +0 club.
* * * LOW HITPOINT WARNING * * *
Your bat misses Ijyb.
Your rat closely misses Ijyb.
Ijyb hits you with a +0 club.
* * * LOW HITPOINT WARNING * * *
Your bat hits Ijyb but does no damage. Your rat misses Ijyb.
It was a potion of haste.
You feel yourself speed up.
Your bat hits Ijyb but does no damage. Ijyb hits you with a +0 club.
You die...

#......#
#......#
#$...$.#
#......#
+......#
+......#
#.....#
#..brg#
#....@#
#.........#
#...#$#####
......#.#
####.# #.#
#. #.# #
#.# #.# #.#


You could see Ijyb (ally target), a friendly bat (summoned) and a friendly rat
(summoned).

Vanquished Creatures
  An adder (D:2)
  A worm (D:2)
  An endoplasm (D:2)
  2 goblins
  A hobgoblin (D:1)
  5 jackals (D:2)
  A kobold (D:1)
  A bat (D:2)
  5 frilled lizards
  5 rats
23 creatures vanquished.

Vanquished Creatures (collateral kills)
  A worm (D:2)
  A ball python (D:1)
2 creatures vanquished.

Grand Total: 25 creatures vanquished

Notes
Turn   | Place    | Note
-------+----------+-------------------------------------------
     0 | D:1      | ChadusMaximus the Barachi Summoner began the quest for the
                  | Orb.
     0 | D:1      | Reached XP level 1. HP: 13/13 MP: 3/3
   467 | D:1      | Reached skill level 5 in Summonings
   467 | D:1      | Reached XP level 2. HP: 15/19 MP: 5/5
  1040 | D:2      | Reached XP level 3. HP: 23/24 MP: 2/7
  1550 | D:3      | Noticed Ijyb
  1564 | D:3      | Slain by Ijyb

Illustrated notes

Levels and vault maps discovered:
D:1:      ebering_trefoil_3fold, layout_loops_cross
D:2:      layout_loops_ring
D:3:      layout_basic, kennysheep_generic_room_4, uniq_ijyb, uniq_terence,
          uniq_natasha, uniq_jessica

Skill      XL: |  1  2  3 |
---------------+----------+-----
Summonings     | 5 |  5.3
Dodging        | 3 |  3.0
Stealth        | |  1.7
Spellcasting   | |  2.9

Action                     || total
---------------------------++-------
  Melee: Unarmed           ||     6
         Club              ||     5
   Fire: Sling             ||   103
   Cast: Summon Small Mamm ||    12
Ability: Hop               ||     1
    Use: Potion            ||     3
   Stab: Sleeping          ||     1
 Armour: Robe              ||    20
  Dodge: Dodged            ||    43
  Block: Buckler           ||     7
